 Dungeon Crawl Stone Soup version 0.24.0-1-gfbc8707 (webtiles) character file.

Game seed: 4972903594158606212, levelgen mode: deterministic

67 AmazingTV the Skirmisher (level 3, -6/43 HPs)
             Began as a Demonspawn Berserker on Nov 13, 2019.
             Was a Believer of Trog.
             Mangled by a scorpion (8 damage)
             ... on level 4 of the Dungeon.
             The game lasted 00:34:56 (2771 turns).

AmazingTV the Skirmisher (Demonspawn Berserker)     Turns: 2771, Time: 00:34:57

Health: -6/43      AC:  3    Str: 22    XL:     3   Next: 98%
Magic:  3/3        EV: 12    Int:  8    God:    Trog [**....]
Gold:   210        SH:  0    Dex: 13    Spells: 2/2 levels left

rFire    . . .     SeeInvis .   k - -2 short sword (curse)
rCold    . . .     Gourm    .   (no shield)
rNeg     . . .     Faith    .   h - +0 leather armour (curse)
rPois    .         Spirit   .   (no helmet)
rElec    .         Reflect  .   (no cloak)
rCorr    .         Harm     .   (no gloves)
MR       .....                  (no boots)
Stlth    ..........             (no amulet)
HPRegen  0.14/turn              (no ring)
MPRegen  0.08/turn              (no ring)

@: berserking, lethally poisoned (-6 -> -20), very quick
A: rot immunity
a: Berserk, Trog's Hand, Renounce Religion


You were on level 4 of the Dungeon.
You worshipped Trog.
Trog was pleased with you.
You were very hungry.

You visited 1 branch of the dungeon, and saw 4 of its levels.

You collected 210 gold pieces.

Inventory:

Hand Weapons
 a - a +0 hand axe
 k - a cursed -2 short sword (weapon)
 p - a +0 club
 v - a +0 mace
Missiles
 n - 35 poisoned darts (quivered)
 r - 5 boomerangs
Armour
 b - a +0 animal skin
 h - a cursed +0 leather armour (worn)
 i - a +0 scale mail
 m - a +0 ring mail
 o - a cursed +0 robe
Scrolls
 c - a scroll of amnesia {unknown}
 e - 6 scrolls of identify {unknown}
Potions
 d - a potion of degeneration {unknown}
 f - a potion of agility {unknown}
 g - a potion of lignification {unknown}
 j - a potion of brilliance {unknown}
 q - a potion of cancellation {unknown}
 s - a potion of resistance {unknown}
 t - a potion of curing
 w - a potion of flight
Comestibles
 u - 2 rations


   Skills:
 + Level 3.5 Fighting
 + Level 1.0 Short Blades
 + Level 3.2 Axes
 + Level 0.2 Throwing
 + Level 2.1 Armour
 + Level 2.2 Dodging
 + Level 0.2 Stealth


You had 2 spell levels left.
You didn't know any spells.
Your spell library was empty.

Dungeon Overview and Level Annotations

Branches:
Dungeon (4/15)
 Temple: D:4-7

Altars:
Kikubaaqudgha
Sif Muna
Zin


Innate Abilities, Weirdness & Mutations

You are immune to rotting.


Message History

You feel sick. The scorpion stings you.
You hit the scorpion but do no damage.
The scorpion is lightly wounded.
The scorpion stings you!
* * * LOW HITPOINT WARNING * * *
It was a potion of berserk rage.
A red film seems to cover your vision as you go berserk!
You feel yourself moving faster!
You feel mighty!
You hear the slow rusting of a distant drain.
* * * LOW HITPOINT WARNING * * *
You feel sick. The scorpion stings you.
* * * LOW HITPOINT WARNING * * *
You are more poisoned.
The scorpion poisons you!
You are too berserk!
You hit the scorpion but do no damage.
The scorpion is lightly wounded.
* * * LOW HITPOINT WARNING * * *
You feel sick. The scorpion stings you!
You die...

...#.# $..#.
.... .[. #..
#.# ##s####
#..@..#
#.....#
#.....#
#.^.[.#
#.....#
.#####.....#
.(......####
........#
........#


You could see a scorpion.

Vanquished Creatures
  2 adders
  A dart slug (D:1)
  3 leopard geckos
  2 bat zombies (D:3)
  A giant cockroach (D:3)
  8 goblins
  2 hobgoblins
  3 jackals (D:2)
  A ball python (D:2)
  8 bats
  6 frilled lizards
  A kobold (D:1)
  6 rats
  2 rat zombies (D:3)
46 creatures vanquished.

Notes
Turn   | Place    | Note
-------+----------+-------------------------------------------
     0 | D:1      | AmazingTV the Demonspawn Berserker began the quest for the
                  | Orb.
     0 | D:1      | Reached XP level 1. HP: 18/18 MP: 1/1
   207 | D:1      | Gained mutation: You are immune to rotting. [demonic
                  | ancestry]
   207 | D:1      | Reached XP level 2. HP: 22/24 MP: 2/2
   925 | D:2      | Reached XP level 3. HP: 29/29 MP: 3/3
  1232 | D:2      | Reached ** piety under Trog
  1279 | D:2      | Found a glowing silver altar of Zin.
  1330 | D:2      | HP: 1/29 [adder (3)]
  1620 | D:3      | Found a shimmering blue altar of Sif Muna.
  1923 | D:3      | Reached skill level 1 in Short Blades
  2083 | D:3      | Found an ancient bone altar of Kikubaaqudgha.
  2762 | D:4      | Noticed a scorpion
  2771 | D:4      | HP: 2/43 [poisoned by a scorpion]
  2771 | D:4      | Mangled by a scorpion

Levels and vault maps discovered:
D:1:      onia_arrival_larder, layout_basic
D:2:      layout_loops_cross, lemuel_coloured_pillars_altar
D:3:      layout_loops_corners, lemuel_blue_sif_altar,
          lemuel_zombie_altar_kikubaaqudgha, first_ration, kennysheep_boxes
D:4:      layout_basic, gup_sewer_entry_bubbles

Skill      XL: |  1  2  3 |
---------------+----------+-----
Axes           | 3 |  3.2
Dodging        | 2 |  2.2
Armour         | 2 |  2.1
Short Blades   | 1 |  1.0
Fighting       | |  3.5
Throwing       | |  0.2
Stealth        | |  0.2

Action                   || total
-------------------------++-------
Melee: Hand axe          ||    30
       Short sword       ||   181
Throw: Dart              ||     8
Invok: Berserk           ||     2
  Use: Scroll            ||     5
       Potion            ||     5
  Eat: Ration            ||     2
Armor: Animal skin       ||    10
       Leather armour    ||    76
Dodge: Dodged            ||   189
